 Dungeon Crawl Stone Soup version 0.23.1-37-gaa34b87 (webtiles) character file.

Game seed: 12917595762531734780

160 Borgoz the Sneak (level 5, -7/40 HPs)
             Began as a Ghoul Enchanter on Mar 22, 2019.
             Killed from afar by an orc wizard (10 damage)
             ... with a magic dart
             ... on level 3 of the Dungeon.
             The game lasted 00:04:35 (3110 turns).

Borgoz the Sneak (Ghoul Enchanter)                  Turns: 3110, Time: 00:04:35

Health: -7/40      AC:  4    Str: 12      XL:     5   Next: 41%
Magic:  7/7        EV: 17    Int:  9 (10) God:
Gold:   59         SH:  0    Dex: 12 (15) Spells: 5/8 levels left

rFire    . . .     SeeInvis .   i - +0 short sword
rCold    + . .     Gourm    .   (no shield)
rNeg     + + +     Faith    .   a - +0 leather armour (curse)
rPois    ∞         Spirit   .   (no helmet)
rElec    .         Reflect  .   (no cloak)
rCorr    .         Harm     .   m - +0 pair of gloves (curse)
MR       .....                  (no boots)
Stlth    +.........             (no amulet)
HPRegen  0.00/turn              (no ring)
MPRegen  0.10/turn              (no ring)

@: confused, agile, rotting, very slow
A: rotting body, claws 1, carnivore, cold resistance 1, negative energy
resistance 3, inhibited regeneration, torment resistance, unbreathing
a: no special abilities


You were on level 3 of the Dungeon.
You were not hungry.

You visited 1 branch of the dungeon, and saw 3 of its levels.

You collected 59 gold pieces.

Inventory:

Hand Weapons
 i - a +0 short sword (weapon)
 q - a +0 rapier
Missiles
 g - 7 tomahawks (quivered)
Armour
 a - a cursed +0 leather armour (worn)
 m - a cursed +0 pair of gloves (worn)
Wands
 j - a wand of disintegration (13)
Scrolls
 b - 2 scrolls of identify {unknown}
 c - a scroll of random uselessness {unknown}
 e - a scroll of remove curse
 f - 2 scrolls of immolation {unknown}
 k - 2 scrolls of teleportation {unknown}
 l - a scroll of amnesia {unknown}
 o - 2 scrolls of fog {unknown}
 p - a scroll of blinking {unknown}
Comestibles
 d - 6 rations


   Skills:
 + Level 1.3 Fighting
 * Level 2.1 Short Blades
 * Level 1.8 Armour
 * Level 2.7 Dodging
 + Level 3.8 Stealth
 + Level 2.0 Spellcasting
 + Level 2.7 Hexes


You had 5 spell levels left.
You knew the following spells:

 Your Spells              Type           Power        Failure   Level  Hunger
a - Corona                Hex            #......      14%         1    ##.....
b - Ensorcelled Hibernat  Hex/Ice        #.....       36%         2    ###....

Your spell library contained the following spells:

 Spells                   Type           Power        Failure   Level  Hunger
 Confuse                  Hex            #.......     38%         3    ####...
 Tukima's Dance           Hex            #.......     38%         3    ####...
 Dazzling Spray           Conj/Hex       #.....       58%         3    ####...


Dungeon Overview and Level Annotations

Branches:
Dungeon (3/15)

Altars:
Trog


Innate Abilities, Weirdness & Mutations

Your body is rotting away.
You thrive on raw meat.
You are immune to poison.
You have sharp fingernails.
You are carnivorous and can eat meat at any time.
Your flesh is cold resistant. (rC+)
You are immune to negative energy. (rN+++)
You do not regenerate when monsters are visible.
You are immune to unholy pain and torment.
You can survive without breathing.


Message History

Your body decomposes!
You feel clumsy.
Your body decomposes!
You feel clumsy.
Your body decomposes!
You feel dopey.
You hear some strange, mumbled words.
You are confused.
You enter the shallow water.
Moving in this stuff is going to be slow.
Something hits you.
* * * LOW HITPOINT WARNING * * *
Unknown command.
Something hits you but does no damage. Something hits you.
* * * LOW HITPOINT WARNING * * *
You hear some strange, mumbled words.
A magic dart appears from out of thin air!
The magic dart hits you!
You die...

#.≈≈≈≈≈≈≈≈ #..≈≈≈..[≈≈≈
#..≈≈≈._.≈≈≈.
#≈.≈≈≈≈♣.≈≈≈.
#..≈≈≈≈≈≈≈≈≈≈
#.≈≈≈≈≈≈≈≈≈≈≈
#≈≈≈≈≈≈≈≈≈≈≈≈
#.≈≈.≈.≈.≈≈.o
#.≈.@........
##....######
############...........
...........)....#######
##......##....#
#....).##....#
#...<..##....#
.###......##.####
.............#


There were no monsters in sight!

Vanquished Creatures
  An orc priest (D:3)
  A gnoll (D:1)
  7 adders
  3 dart slugs (D:1)
  A leopard gecko (D:1)
  5 orcs
  A ball python (D:1)
  3 bats
  3 goblins (D:1)
  7 hobgoblins
  2 quokkas (D:2)
  4 frilled lizards
  7 kobolds
  6 rats
51 creatures vanquished.

Notes
Turn   | Place    | Note
-------+----------+-------------------------------------------
     0 | D:1      | Borgoz the Ghoul Enchanter began the quest for the Orb.
     0 | D:1      | Reached XP level 1. HP: 14/14 MP: 2/2
   139 | D:1      | Reached skill level 1 in Short Blades
   409 | D:1      | Reached XP level 2. HP: 5/20 MP: 3/3
   413 | D:1      | HP: 1/20 [dart slug/slug dart (4)]
   885 | D:1      | Reached XP level 3. HP: 21/27 MP: 4/4
  1041 | D:1      | Reached skill level 1 in Armour
  1428 | D:1      | Learned a level 2 spell: Ensorcelled Hibernation
  1746 | D:2      | Reached XP level 4. HP: 20/34 MP: 5/5
  1840 | D:2      | Reached skill level 1 in Fighting
  2167 | D:2      | Found a bloodstained altar of Trog.
  2614 | D:3      | Found a faded altar of an unknown god.
  2630 | D:3      | Reached XP level 5. HP: 28/39 MP: 7/7
  3110 | D:3      | Killed from afar by an orc wizard

Skill      XL: |  1  2  3  4 |
---------------+-------------+-----
Short Blades   | 1 2 |  2.1
Dodging        | 2 |  2.7
Armour         | 1 |  1.8
Spellcasting   | 2 |  2.0
Fighting       | 1 |  1.3
Stealth        | |  3.8
Hexes          | |  2.7

Action                   |  1- 3 |  4- 6 || total
-------------------------+-------+-------++-------
Melee: Dagger            |    37 |       ||    37
       Short sword       |   129 |   180 ||   309
 Cast: Ensorcelled Hiber |       |     1 ||     1
  Use: Scroll            |     1 |       ||     1
       Potion            |     2 |     3 ||     5
 Stab: Sleeping          |       |     2 ||     2
  Eat: Chunk             |    17 |    18 ||    35
Armor: Robe              |     9 |       ||     9
       Leather armour    |    38 |    51 ||    89
Dodge: Dodged            |   117 |   105 ||   222
